 Dungeon Crawl Stone Soup version 0.28-a0-793-g31680bbd8b (webtiles) character file.

Game seed: 18206851034687130634

140 BigDaddyOpFi the Skirmisher (level 5, 0/51 HPs)
             Began as a Gargoyle Berserker on Nov 4, 2021.
             Was a Believer of Trog.
             Slain by a gnoll (8 damage)
             ... on level 2 of the Dungeon.
             The game lasted 00:03:20 (3380 turns).

BigDaddyOpFi the Skirmisher (Gargoyle Berserker)    Turns: 3380, Time: 00:03:20

Health: 0/51       AC: 12    Str: 21    XL:     5   Next: 22%
Magic:  5/5        EV:  6    Int:  8    God:    Trog [**....]
Gold:   66         SH:  9    Dex:  9    Spells: 4/4 levels left

rFire   . . .      SeeInvis .   a - +0 mace
rCold   . . .      Faith    .   b - +0 tower shield
rNeg    + . .      Spirit   .   g - +0 ring mail
rPois   ∞          Reflect  .   i - +0 helmet
rElec   +          Harm     .   m - +0 cloak
rCorr   .          Rampage  .   (no gloves)
Will    .....                   (no boots)
Stlth   ..........              (no amulet)
HPRegen 0.17/turn               (no ring)
MPRegen 0.09/turn               (no ring)

@: berserking, very quick
A: sickness immunity, AC +4, negative energy resistance 1, electricity
resistance, torment resistance 1, petrification resistance
a: Renounce Religion, Berserk, Trog's Hand


You were on level 2 of the Dungeon.
You worshipped Trog.
Trog was pleased with you.
You visited 1 branch of the dungeon, and saw 3 of its levels.

You collected 66 gold pieces.

Inventory:

Hand Weapons
 a - a +0 mace (weapon)
Armour
 b - a +0 tower shield (worn)
 g - a +0 ring mail (worn)
 i - a +0 helmet (worn)
 m - a +0 cloak (worn)
Scrolls
 e - 2 scrolls of identify {unknown}
 f - a scroll of vulnerability {unknown}
 h - 2 scrolls of immolation {unknown}
 l - a scroll of silence {unknown}
Potions
 c - a potion of might {unknown}
 d - a potion of ambrosia {unknown}
 j - a potion of curing {unknown}
 k - a potion of degeneration {unknown}


   Skills:
 * Level 4.5 Fighting
 + Level 3.5 Maces & Flails
 * Level 3.6 Armour
 + Level 2.1 Dodging
 + Level 0.8 Shields


You had 4 spell levels left.
You didn't know any spells.
Your spell library was empty.

Dungeon Overview and Level Annotations

Branches:
Dungeon (3/15)

Altars:


Innate Abilities, Weirdness & Mutations

You are immune to sickness and miasma.
Your stone body is resilient. (AC +4)
You are immune to poison.
You resist negative energy. (rN+)
You are resistant to electric shocks. (rElec)
You are resistant to unholy torment.
You are immune to petrification.


Message History

You hit the kobold.
The kobold is heavily wounded.
You block the kobold's attack. You block the hobgoblin's attack.
The gnoll hits you from afar with a +0 spear.
The gnoll hits you but does no damage. The gnoll barely misses you.
The hobgoblin hits you but does no damage.
The kobold barely misses you.
You hit the kobold.
You kill the kobold!
Trog accepts your kill. The gnoll hits you with a +0 club.
The gnoll barely misses you.
The gnoll hits you from afar with a +0 spear.
The hobgoblin hits you.
The gnoll hits you but does no damage. x3
You block the hobgoblin's attack. You block the gnoll's attack.
The gnoll hits you with a +0 spear.
* * * LOW HITPOINT WARNING * * *
You block the gnoll's attack.
The gnoll hits you but does no damage. x2
The hobgoblin barely misses you.
There is a stone staircase leading up, spattered with blood here.
Things that are here:
a +0 club; 3 stones; a kobold corpse The gnoll hits you with a +0 spear.
* * * LOW HITPOINT WARNING * * *
You block the gnoll's attack.
The gnoll hits you but does no damage. x2
The hobgoblin hits you but does no damage.
You climb upwards.
There is a stone staircase leading down here.
Unknown command.
Okay, then.
A red film seems to cover your vision as you go berserk!
You feel yourself moving faster!
You feel mighty! You block the gnoll's attack. The gnoll barely misses you.
You block the gnoll's attack.
The hobgoblin hits you but does no damage.
You are too injured to fight recklessly!
You are too injured to fight recklessly!
You hit the gnoll.
The gnoll is heavily wounded.
The gnoll hits you but does no damage. The gnoll barely misses you.
The gnoll hits you with a +0 flail!
You die...

#######################
#....................<# ##
#..........##........## #.
#.......g............# #.
#....)...@...........# #.
########.......ggg..........####.
.................................
########................##.####.#
#.................#......#....#.#
#.#.†###.###...#..#.##...####.#.#
#.#..#.#.# #...#....###.....#.#..
#.#....#.#######.######.###.#.#..
#.##.#.#.#...............##.#....


You could see 3 gnolls and a hobgoblin.

Vanquished Creatures
  A scorpion (D:2)
  2 dart slugs (D:1)
  3 bats
  10 endoplasms
  7 giant cockroaches
  3 goblins
  4 hobgoblins
  9 jackals
  5 kobolds
  6 quokkas
  6 ball pythons
  4 frilled lizards
  6 rats
66 creatures vanquished.

Notes
Turn   | Place    | Note
-------+----------+-------------------------------------------
     0 | D:1      | BigDaddyOpFi the Gargoyle Berserker began the quest for the
                  | Orb.
     0 | D:1      | Reached XP level 1. HP: 14/14 MP: 1/1
     4 | D:1      | Found a runed translucent door.
    26 | D:1      | Reached XP level 2. HP: 15/19 MP: 2/2
  1226 | D:2      | Reached XP level 3. HP: 15/24 MP: 3/3
  1971 | D:1      | Reached skill level 4 in Fighting
  1985 | D:1      | Reached ** piety under Trog
  2264 | D:1      | Reached XP level 4. HP: 24/29 MP: 4/4
  2456 | D:2      | Noticed a scorpion
  2463 | D:2      | Killed a scorpion
  2464 | D:2      | Reached XP level 5. HP: 34/34 MP: 5/5
  3380 | D:2      | Slain by a gnoll

Illustrated notes

Levels and vault maps discovered:
D:1:      dpeg_arrival_caged_fury, layout_rooms, minmay_small_reverse_x
D:2:      layout_basic
D:3:      layout_rooms, kennysheep_generic_room_5

Skill      XL: |  1  2  3  4 |
---------------+-------------+-----
Armour         | 3 |  3.6
Fighting       | 4 |  4.5
Dodging        | 2 |  2.1
Maces & Flails | |  3.5
Shields        | |  0.8

Action                   |  1- 3 |  4- 6 || total
-------------------------+-------+-------++-------
Melee: Mace              |   137 |    67 ||   204
Invok: Berserk           |     1 |     4 ||     5
Armor: Animal skin       |    66 |       ||    66
       Ring mail         |    15 |    92 ||   107
Dodge: Dodged            |   143 |    39 ||   182
Block: Tower shield      |       |    58 ||    58

Table legend: (Time is in decaauts)
 A = Elapsed time spent in this place.
 B = Non-inter-level travel time spent in this place.
 C = Inter-level travel time spent in this place.
 D = Time resting spent in this place.
 E = Time spent auto-exploring this place.
 F = Levels seen in this place.
 G = Mean time per level.
                   A        B        C        D        E       F      G
               +--------+--------+--------+--------+--------+-----+--------+
         Total |   3488 |   3462 |     26 |   1655 |   1264 |   3 | 1162.7 |
       Dungeon |   3488 |   3462 |     26 |   1655 |   1264 |   3 | 1162.7 |
               +--------+--------+--------+--------+--------+-----+--------+

Top non-repeatable levels by time:
     D:2: 2459 daAuts
     D:1: 1006 daAuts
     D:3: 22 daAuts
